 Dungeon Crawl Stone Soup version 0.19-a0-1697-g0595f0e (webtiles) character file.

31 4thArraOfDagon the Ruffian (level 3, 4/33 HPs)
             Began as a Troll Wanderer on Sept 26, 2016.
             Was an Initiate of Makhleb.
             Quit the game on level 4 of the Dungeon.
             The game lasted 00:01:16 (287 turns).

4thArraOfDagon the Ruffian (Troll Wanderer)          Turns: 287, Time: 00:01:17

Health: 4/33       AC:  8    Str: 18 (19) XL:     3   Next: 7%
Magic:  2/2        EV:  9    Int: 10 (11) God:    Makhleb [......]
Gold:   72         SH:  0    Dex:  6 (8)  Spells: 0 memorised, 2 levels left

rFire  x . .     SeeInvis .     b - +0 hand axe
rCold  + . .     Gourm    +     a - +2 robe
rNeg   . . .     Faith    .     (no shield)
rPois  .         Spirit   .     (helmet restricted)
rElec  .         Dismiss  .     (no cloak)
rCorr  .         Reflect  .     (gloves unavailable)
MR     .....     Harm     .     (boots unavailable)
Stlth  +.........               (no amulet)
                                (no ring)
                                f - ring of ice

@: lethally poisoned (4 -> 0)
A: unfitting armour, claws 3, fast metabolism 3, gourmand, regeneration 1,
shaggy fur 1, tough skin 2
a: Renounce Religion


You were on level 4 of the Dungeon.
You worshipped Makhleb.
Makhleb was noncommittal.
You were full.

You visited 1 branch of the dungeon, and saw 4 of its levels.

You collected 72 gold pieces.

Inventory:

Hand Weapons
 b - a +0 hand axe (weapon)
Armour
 a - a +2 robe (worn)
Jewellery
 f - a ring of ice (left claw)
Scrolls
 c - a scroll of teleportation
 e - a scroll of enchant weapon {unknown}
 h - a scroll of noise {unknown}
Comestibles
 d - 2 bread rations


   Skills:
 - Level 1.0 Fighting
 - Level 2.4(2.7) Axes
   Level 1.7(2.5) Maces & Flails
 - Level 1.0 Throwing
 - Level 1.5 Dodging
 - Level 1.0 Stealth
 * Level 2.7 Unarmed Combat


You had 2 spell levels left.
You didn't know any spells.

Dungeon Overview and Level Annotations

Branches:
Dungeon (4/15)
 Temple: D:4-7

Altars:
Makhleb


Innate Abilities, Weirdness & Mutations

You are too large for most types of armour.
You have claws for hands.
Your metabolism is lightning-fast.
You like to eat raw meat.
Your natural rate of healing is unusually fast.
You are covered in fur. (AC +1)
You have very tough skin. (AC +2)


Message History

You feel sick. The scorpion stings you.
* * * LOW HITPOINT WARNING * * *
You are lethally poisoned!
The scorpion poisons you!
You are too injured to fight recklessly!
You are too injured to fight recklessly!
You are too injured to fight recklessly!
It was a potion of degeneration.
There was something very wrong with that liquid.
You feel weakened.
You feel dopey.
You feel clumsy.
* * * LOW HITPOINT WARNING * * *
You feel sick. The scorpion closely misses you.
Unknown command.
A goblin comes into view.
* * * LOW HITPOINT WARNING * * *
You feel sick.
* * * LOW HITPOINT WARNING * * *
You feel sick.
Unknown command.
Are you sure you want to abandon this character and quit the game? (Confirm with "yes".)

..........
.....[.. .S.....
..... .... ..#
#.####### #.#
...g....## #.#
#@s#####.#
#.......<#
######.#........
............
......(.......
#...............
#..<.....###....
#........# .#.#
#......... #.#


You could see a scorpion and a goblin.

Vanquished Creatures
  An adder (D:3)
  An ooze (D:4)
  5 orcs (D:3)
  2 bats
  A goblin (D:3)
  A kobold (D:3)
  A rat (D:3)
12 creatures vanquished.

Notes
Turn   | Place    | Note
-------+----------+-------------------------------------------
     0 | D:1      | 4thArraOfDagon the Troll Wanderer began the quest for the Orb.
     0 | D:1      | 4thArraOfDagon set off with: a +2 robe, a +0 hand axe, a scroll of teleportation, 2 bread rations
     0 | D:1      | Reached XP level 1. HP: 19/19 MP: 0/0
   125 | D:3      | Reached skill level 1 in Unarmed Combat
   138 | D:3      | Reached XP level 2. HP: 27/27 MP: 1/1
   184 | D:3      | Found a burning altar of Makhleb.
   204 | D:3      | Became a worshipper of Makhleb the Destroyer
   256 | D:4      | Noticed a scorpion
   269 | D:4      | Reached XP level 3. HP: 33/33 MP: 2/2
   287 | D:4      | Quit the game

Vault maps used:
D:1:      elethiomel_arrival_maze, serial_bayou_pond_b
D:2:      ecumenical_altar_1, serial_forest, infiniplex_forest_zigzag_1,
          infiniplex_forest_clump_diagonal, infiniplex_forest_lined_ring,
          infiniplex_forest_clump_double, infiniplex_forest_lined_room_2,
          infiniplex_forest_clump_medium, infiniplex_forest_lined_3,
          infiniplex_forest_clump_small
D:3:      lemuel_crystal_altar, grunt_qazlal_clouds
D:4:      minmay_diamond_boxcup, lemuel_round_altar, first_bread,
          nicolae_dithmenos_the_darkroom, uniq_robin

Skill      XL: |  1  2 |
---------------+-------+-----
Unarmed Combat | 1 2 |  2.7
Fighting       | |  1.0
Axes           | |  2.4
Maces & Flails | |  1.7
Throwing       | |  1.0
Dodging        | |  1.5
Stealth        | |  1.0

Action                   || total
-------------------------++-------
Melee: Hand axe          ||    75
  Use: Potion            ||     1
  Eat: Chunk             ||     4
Armor: Robe              ||    47
Dodge: Dodged            ||    35
